cohdb
Replays
Latest Replays
All Replays
Popular Replays
Top Player Replays
Match Explorer
How It Works
Community
CoH3 Stats
Reddit
Sign in to upload your games and track your stats! →
Sign in with Steam
Match 43100297
Unlisted
Match 43100297
Overview
Messages
Build Orders
End
Kradschützen Motorcycle Team
Panzerpioneer Squad
Selects Panzerjäger Kommand Battlegroup
Selects Mine Fields
250 Light Carrier
Construct Light Support Kompanie
MG34 Team
Assault Grenadier Squad
Construct Mechanized Kompanie
Panzerjäger Mechanized Group
Support Armor Elements
StuG III D Assault Gun
Vehicle Survival Package
Panzerpioneer Squad
Selects Tank Busters
Selects Crew Shock Tactics
StuG III D Assault Gun
Combat Half-tracks
Emergency Repair Kits
Rapid Advance
Majken
Shlligge
[82AD] PaulVmax
r33dys
0
0
Comments
sign in to comment!
No comments posted yet!